 Dungeon Crawl Stone Soup version 0.31.0-32-g396128a36d (webtiles) character file.

Game seed: 317410252792095553

1548 Tiz the Cleaver (level 8, -1/70 HPs)
             Began as a Hill Orc Fighter on Mar 31, 2024.
             Killed from afar by a steam dragon (14 damage)
             ... with a ball of steam
             ... on level 7 of the Dungeon.
             The game lasted 00:18:22 (4540 turns).

Tiz the Cleaver (Hill Orc Fighter)                  Turns: 4540, Time: 00:18:23

Health: -1/70      AC: 19    Str: 21    XL:     8   Next: 87%
Magic:  8/8        EV:  3    Int:  8    God:
Gold:   103        SH:  5    Dex: 13    Spells: 7/7 levels left

rFire   . . .        n - +2 hand axe (distort)
rCold   x . .        c - +0 buckler
rNeg    + . .        j - +0 crystal plate armour
rPois   .            I - +0 helmet of Birdsong {Rampage rC- rN+ Dex+3}
rElec   .            (no cloak)
rCorr   .            (no gloves)
SInv    .            (no boots)
Will    .....        (no amulet) Stlth
                     (no ring)
HPRegen 0.31/turn    (no ring)
MPRegen 0.11/turn

%: rampage
@: no status effects
A: no striking features
a: Convert to Beogh


You were on level 7 of the Dungeon.
You visited 2 branches of the dungeon, and saw 8 of its levels.

You collected 283 gold pieces.
You spent 180 gold pieces at shops.

Inventory:

Hand Weapons
 a - a +0 war axe
 n - a +2 hand axe of distortion (weapon)
 p - a +0 giant club
 t - a +1 mace of protection
 H - a +0 falchion of flaming
Missiles
 G - a throwing net (quivered)
Armour
 b - a +0 scale mail
 c - a +0 buckler (worn)
 j - a +0 crystal plate armour (worn)
 u - a +1 leather armour of poison resistance
 I - the +0 helmet of Birdsong (worn) {Rampage rC- rN+ Dex+3}
   (You bought it in a shop on level 7 of the Dungeon)

   Dex+3:     It affects your dexterity (+3).
   rC-:       It makes you vulnerable to cold.
   rN+:       It protects you from negative energy.
   Rampage:   It bestows one free step when moving towards enemies.
Jewellery
 i - a +5 ring of evasion
 q - a ring of fire
Talismans
 E - a maw talisman
Wands
 h - a wand of polymorph (6)
 x - a wand of flame (18)
 y - a wand of mindburst (17)
 C - a wand of iceblast (8)
Scrolls
 e - a scroll of vulnerability
 f - 6 scrolls of identify
 g - 2 scrolls of blinking
 k - a scroll of fear
 o - 2 scrolls of immolation
 s - 3 scrolls of poison
 v - 2 scrolls of acquirement {unknown}
 A - a scroll of summoning {unknown}
 B - a scroll of enchant armour {unknown}
Potions
 d - 2 potions of might
 l - 3 potions of curing
 m - a potion of degeneration {unknown}
 r - a potion of heal wounds {unknown}
 w - a potion of brilliance
 z - a potion of berserk rage
 D - a potion of mutation {unknown}
 F - a potion of ambrosia {unknown}
 J - a potion of invisibility {unknown}


   Skills:
 + Level 6.1 Fighting
 + Level 10.5 Axes
 + Level 6.2 Armour
 + Level 0.6 Dodging
 + Level 0.8 Stealth
 + Level 4.9 Shields


You had 7 spell levels left.
You didn't know any spells.
Your spell library contained the following spells:

 Spells                   Type           Power      Damage    Failure   Level
 Freeze                   Ice            0%         1d3       100%        1
 Necrotise                Necr           0%         1d4       100%        1
 Frozen Ramparts          Ice            0%         1d1       100%        3
 Hailstorm                Conj/Ice       0%         3d5       100%        3
 Vampiric Draining        Necr           0%         2d6       100%        3
 Animate Dead             Necr           0%         N/A       100%        4
 Martyr's Knell           Necr/Summ      0%         N/A       100%        4
 Curse of Agony           Necr           0%         N/A       100%        5
 Haunt                    Necr/Summ      0%         N/A       100%        7
 Infestation              Necr           0%         N/A       100%        8


Dungeon Overview and Level Annotations

Branches:
Dungeon (7/15)             Temple (1/1) D:4

Altars:
Cheibriados
Dithmenos
Elyvilon
Fedhas
Gozag
Hepliaklqana
Kikubaaqudgha
Makhleb
Nemelex Xobeh
Okawaru
Ru
Trog
Vehumet
Wu Jian
Yredelemnul
Zin
The Shining One

Shops:
D:7 [


Message History

The orc priest casts a cantrip, but nothing happens.
The orc attacks as it pursues you! The orc hits you but does no damage.
You closely miss the orc. You slash the orc!
You kill the orc!
You hit the orc but do no damage. You hit something but do no damage.
Space warps horribly around something!
The orc blinks!
The steam dragon breathes steam at you.
The ball of steam hits something!!
Reactivating autopickup.
You feel a bit more experienced. The ball of steam hits you!
The orc hits you but does no damage. The orc hits you but does no damage.
The orc priest is engulfed in a cloud of scalding steam.
The orc hits you but does no damage. The steam dragon breathes steam at you.
The ball of steam hits you!
The orc priest mumbles some strange prayers to Beogh against you.
Pain shoots through your body!
* * * LOW HITPOINT WARNING * * *
The orc priest calls down the wrath of Beogh upon you.
Pain shoots through your body!
* * * LOW HITPOINT WARNING * * *
The orc hits you but does no damage.
The orc priest attacks as it pursues you!
The orc priest hits you but does no damage.
The steam dragon breathes steam at you.
The ball of steam hits the orc!
The orc dies!
The ball of steam hits you.
* * * LOW HITPOINT WARNING * * *
You block the orc priest's attack. The steam dragon breathes steam at you.
The ball of steam hits you!
* * * LOW HITPOINT WARNING * * *
You block the orc priest's attack.
The orc priest attacks as it pursues you!
You block the orc priest's attack. The steam dragon breathes steam at you.
The ball of steam hits you!
You die...

...........## ............##
.#...........##
.##.......##..#
.##.......#..#####
.#..#......)..##.#
...)###......>#..####
.##...............#.####
..#.......##....@......###
.............##.o§.....#.##
..........##..#§.§........#
...............##§D...#...##
....#.......... ###.)......#
....#..........##..........#
.).(#.##...................#
.))......................###
...∩...................))#


You could see a steam dragon (catching breath) and an orc priest.

Vanquished Creatures
  Grinder (D:3)
  An orc warrior (D:7)
  2 ice beasts (D:6)
  An ogre (D:4)
  A phantom (D:5)
  A gnoll sergeant (D:7)
  A scorpion (D:3)
  6 hounds
  An orc priest (D:5)
  4 bombardier beetles
  A jelly (D:6)
  2 iguanas
  Jessica (D:3)
  A sleepcap (D:6)
  Ijyb (D:3)
  The ghost of flammie80 the Trooper, a weakling FoMo (D:4)
  6 adders
  7 gnolls (D:7)
  An ufetubus (D:6)
  A dart slug (D:4)
  A ribbon worm (D:3)
  9 orcs
  14 ball pythons
  9 endoplasms
  6 giant cockroaches
  7 hobgoblins
  4 jackals (D:5)
  3 quokkas
  3 bats
  3 frilled lizards (D:3)
  10 goblins
  7 kobolds
  2 rats (D:1)
119 creatures vanquished.

Vanquished Creatures (others)
  An orc wizard (D:7)
  An orc (D:7)
2 creatures vanquished.

Grand Total: 121 creatures vanquished

Notes
Turn   | Place    | Note
-------+----------+-------------------------------------------
     0 | D:1      | Tiz the Hill Orc Fighter began the quest for the Orb.
     0 | D:1      | Reached XP level 1. HP: 19/19 MP: 1/1
   142 | D:1      | Reached XP level 2. HP: 18/27 MP: 2/2
   199 | D:1      | Reached skill level 3 in Axes
   439 | D:1      | Reached XP level 3. HP: 33/33 MP: 3/3
  1145 | D:2      | Reached XP level 4. HP: 35/40 MP: 4/4
  1553 | D:3      | You fall into a shaft and drop 2 floors!
  1553 | D:5      | Entered Level 5 of the Dungeon
  1613 | D:5      | Reached skill level 4 in Axes
  1650 | D:4      | Reached XP level 5. HP: 34/47 MP: 5/5
  1699 | D:4      | Noticed an ogre
  1713 | D:4      | Killed an ogre
  1714 | D:4      | Reached skill level 5 in Axes
  1717 | D:4      | Reached XP level 6. HP: 29/53 MP: 6/6
  1855 | D:4      | Found a runed translucent door.
  1858 | D:4      | Noticed flammie80's ghost (weakling FoMo)
  1946 | D:4      | Killed flammie80's ghost
  1972 | D:4      | Found a staircase to the Ecumenical Temple.
  1983 | D:4      | Reached skill level 6 in Axes
  2130 | D:4      | Found an ornate altar of the Wu Jian Council.
  2167 | Temple   | Entered the Ecumenical Temple
  2374 | D:3      | Noticed Grinder
  2386 | D:3      | Killed Grinder
  2387 | D:3      | Reached skill level 5 in Fighting
  2387 | D:3      | Reached skill level 7 in Axes
  2387 | D:3      | Reached skill level 5 in Armour
  2387 | D:3      | Reached XP level 7. HP: 55/61 MP: 7/7
  2464 | D:3      | Noticed Ijyb
  2475 | D:3      | Killed Ijyb
  2662 | D:3      | Found a faded altar of an unknown god.
  2707 | D:3      | Found a blossoming altar of Fedhas.
  2824 | D:3      | Noticed Jessica
  2829 | D:3      | Killed Jessica
  3005 | D:5      | Reached skill level 8 in Axes
  3154 | D:5      | Reached XP level 8. HP: 69/69 MP: 8/8
  3726 | D:6      | Reached skill level 9 in Axes
  3939 | D:6      | Found an opulent altar of Gozag.
  4087 | D:7      | Found Fyby's Armour Shoppe.
  4125 | D:7      | Reached skill level 10 in Axes
  4193 | D:7      | Found a snail-covered altar of Cheibriados.
  4268 | D:7      | Bought the +0 helmet of Birdsong {Rampage rC- rN+ Dex+3}
                  | for 180 gold pieces
  4436 | D:7      | Found a hazy altar of Hepliaklqana.
  4540 | D:7      | Killed from afar by a steam dragon

Illustrated notes

Levels and vault maps discovered:
D:1:      ebering_trefoil_3fold, layout_loops_ring
D:2:      layout_loops_cross, minmay_misc_feat_iff,
          chequers_serial_rivers_micro_e
D:3:      layout_loops_ring, mainiacjoe_overflow_tiny_flanked,
          hellmonk_ecumenical_altar_run_dry, uniq_grinder, uniq_ijyb,
          uniq_jessica
D:4:      layout_rooms, marbit_many_paths, general_overflow_altar,
          minmay_temple_entry_large_hall, hellmonk_ghost_happy_afterlife
D:5:      layout_loops_cross, mrwooster_statue_mirror
D:6:      layout_rooms, kennysheep_little_box
D:7:      layout_cave_pools, overflow_temple_1_default,
          nicolae_hepliaklqana_hazy_memory, serial_shops, shop, enter_bailey_7
Temple:   nicolae_temple_godzebo

Skill      XL: |  1  2  3  4  5  6  7  8 |
---------------+-------------------------+-----
Fighting       | 4 5 6 |  6.1
Axes           | 3 4 5 7 8 10 | 10.5
Armour         | 4 5 6 |  6.2
Shields        | 4 |  4.9
Dodging        | |  0.6
Stealth        | |  0.8

Action                     |  1- 3 |  4- 6 |  7- 9 || total
---------------------------+-------+-------+-------++-------
  Melee: War axe           |   104 |    95 |    61 ||   260
         Hand axe          |       |       |    85 ||    85
    Use: Scroll            |       |     8 |       ||     8
         Potion            |       |     5 |       ||     5
   Stab: Distracted        |       |       |     1 ||     1
 Armour: Scale mail        |    25 |       |       ||    25
         Crystal plate arm |    59 |    92 |   126 ||   277
         Skin              |       |       |     2 ||     2
  Dodge: Dodged            |    32 |     9 |    17 ||    58
  Block: Buckler           |    27 |    32 |    33 ||    92
